AoeStats
← Youtellme

Yucatan

510938226Analyzed
3v3 RM · 18h ago on Oct 3, 2026· 46m 28s· 6 players
Game mode
Random Map
Map size
Normal (6 player)
Population
200
Speed
Normal
Resources
Standard
Victory
Conquest
Starting age
Dark Age
Ending age
Imperial Age
RankedLock teamsTeams togetherTeam positionsShared explorationLock speedFull tech treeHidden civsTurbo modeCheats
Victory
Defeat
🇲🇽 Bengalis · Mexico
972
+11
🇲🇽 Romans · Mexico
913
+13
🇲🇽 Burgundians · Mexico
912
+14
🇦🇺 Koreans · Australia
876
-13
🇦🇺 Mongols · Australia
862
-13
🇦🇺 Inca · Australia
853
-12
Fart-Lick
10:20 Feudal Age
11:13 Feudal Age
15:31 Castle Age
14:01 Double-Bit Axe
15:32 Scale Barding Armor
19:50 Husbandry
22:17 Forging
25:29 Bow Saw
27:20 Wheelbarrow
26:32 Town Watch
29:04 Hand Cart
28:51 Stone Mining
34:35 Gold Mining
39:31 Chain Barding Armor
39:47 Iron Casting
40:07 Bloodlines
43:44 Murder Holes
Youtellme
8:48 Loom
12:18 Feudal Age
17:37 Castle Age
16:25 Double-Bit Axe
22:49 Horse Collar
25:22 Crossbowman
26:36 Heavy Plow
28:19 Wheelbarrow
28:22 Thumb Ring
32:58 Hand Cart
33:49 Husbandry
33:09 Light Cavalry
35:06 Caravan
41:26 Imperial Age
41:20 Fletching
41:35 Scale Barding Armor
42:22 Elite Fire Lancer
43:18 Gold Mining
43:19 Stone Mining
46:26 Masonry
46:14 Murder Holes
46:26 Siege Engineers
46:19 Cavalier
BottomFeeder
7:05 Loom
11:12 Feudal Age
19:22 Castle Age
17:34 Double-Bit Axe
18:51 Fletching
20:01 Bodkin Arrow
20:15 Crossbowman
23:12 Wheelbarrow
25:31 Padded Archer Armor
27:24 Thumb Ring
32:02 Hand Cart
32:43 Ballistics
34:03 Champi Runner
35:14 Forging
35:21 Leather Archer Armor
35:08 Scale Mail Armor
37:49 Imperial Age
35:48 Squires
38:02 Iron Casting
La_Gloire
0:30 Loom
10:46 Feudal Age
12:59 Wheelbarrow
14:35 Double-Bit Axe
17:21 Castle Age
18:16 Bow Saw
19:28 Gold Mining
19:19 Horse Collar
20:10 Heavy Plow
25:49 Pikeman
26:47 Forging
27:08 Stone Mining
29:53 Hand Cart
31:53 Fletching
32:03 Padded Archer Armor
32:21 Bloodlines
33:31 Scale Barding Armor
35:51 Husbandry
35:50 Bodkin Arrow
36:11 Leather Archer Armor
37:19 Gold Shaft Mining
38:55 Iron Casting
38:42 Chain Barding Armor
40:37 Ballistics
44:28 Imperial Age
44:53 Elite Elephant Archer
46:36 Two-Man Saw
46:09 Crop Rotation
46:19 Elite Battle Elephant
47:23 Conscription
adanvictorl
3:39 Loom
11:59 Feudal Age
12:52 Double-Bit Axe
18:03 Castle Age
16:19 Horse Collar
16:36 Gold Mining
19:02 Man-at-Arms
26:35 Stone Mining
32:11 Heavy Plow
32:24 Bow Saw
36:00 Imperial Age
34:51 Wheelbarrow
34:24 Scale Mail Armor
34:39 Fletching
35:38 Long Swordsman
37:57 Crop Rotation
38:01 Chain Mail Armor
37:57 Forging
38:02 Legionary
40:44 Iron Casting
39:38 Heavy Scorpion
43:22 Blast Furnace
43:25 Chemistry
43:35 Comitatenses
45:59 Hand Cart
45:54 Scale Barding Armor
45:50 Padded Archer Armor
45:45 Bodkin Arrow
45:13 Elite Centurion
46:14 Conscription
46:04 Siege Engineers
guerrerotezonca
0:27 Loom
11:59 Feudal Age
15:24 Man-at-Arms
19:00 Castle Age
16:42 Horse Collar
18:17 Wheelbarrow
17:48 Stone Mining
17:49 Gold Mining
18:54 Heavy Plow
20:13 Gold Shaft Mining
20:13 Stone Shaft Mining
19:44 Double-Bit Axe
21:20 Stone Shaft Mining
21:02 Bow Saw
25:58 Scale Barding Armor
26:58 Two-Man Saw
28:34 Forging
36:20 Imperial Age
34:07 Hand Cart
38:03 Crop Rotation
37:25 Pikeman
37:52 Arson
38:07 Squires
38:20 Halberdier
41:08 Conscription
40:48 Elite Coustillier
43:23 Scale Mail Armor
Connection lost

Rejoining the realm…

Still unreachable

The connection could not be restored.

Session expired

The server has moved on; the page needs a fresh start.